 Dungeon Crawl Stone Soup version 0.25-a0-294-gea9b1ad378 (webtiles) character file.

Game seed: 1865831605996054138, levelgen mode: deterministic

120952 Lanoc the Fetichist (level 16, -4/116 HPs)
             Began as a Demonspawn Artificer on Dec 18, 2019.
             Was the Champion of Hepliaklqana.
             Killed from afar by Nikola (13 damage)
             ... with a chain lightning
             ... on level 1 of the Snake Pit.
             The game lasted 01:17:41 (27584 turns).

Lanoc the Fetichist (Demonspawn Artificer)         Turns: 27584, Time: 01:17:42

Health: -4/116     AC: 20    Str: 17    XL:     16   Next: 31%
Magic:  0/37       EV: 20    Int: 16    God:    Hepliaklqana [******]
Gold:   1456       SH: 12    Dex: 18    Spells: 15/15 levels left

rFire    + + +     SeeInvis +   o - +12 Vampire's Tooth {vamp}
rCold    . . .     Gourm    .   Q - +2 shield {rF+}
rNeg     + + +     Faith    .   W - +0 steam dragon scales
rPois    +         Spirit   +   i - +1 hat {MR+}
rElec    .         Reflect  .   k - +2 cloak
rCorr    .         Harm     .   j - +1 pair of gloves
MR       ++...                  V - +1 pair of boots {Fly}
Stlth    ++++++....             G - amulet of the Unkillable {Spirit *Contam rF+ rN+ Str+2}
HPRegen  0.29/turn              K - ring of magical power
MPRegen  0.50/turn              R - ring of Scepticism {rPois rN++ Int+3 Slay-4 SInv}

@: about to teleport, flying
A: reduced essence, hooves 2, molten scales 3, nightstalker 2, magic shield,
magic regeneration
a: Recall Ancestor, Ancestor Identity, Transference, Idealise, Renounce
Religion, Stop Flying


You were on level 1 of the Snake Pit.
You worshipped Hepliaklqana.
Hepliaklqana was exalted by your worship.
You were very hungry.

You visited 5 branches of the dungeon, and saw 25 of its levels.
You also visited: Sewer.

You collected 2799 gold pieces.
You spent 1343 gold pieces at shops.

Inventory:

Hand Weapons
 o - the +12 Vampire's Tooth (weapon) {vamp}
   (You bought it in a shop on level 5 of the Dungeon)

   It inflicts no extra harm, but heals its wielder when it wounds a living foe.
Missiles
 e - 11 atropa-tipped darts (quivered)
 p - 4 throwing nets
Armour
 i - a +1 hat of magic resistance (worn)
 j - a +1 pair of gloves (worn)
 k - a +2 cloak (worn)
 N - a +3 plate armour of cold resistance
 Q - a +2 shield of fire resistance (worn)
 V - a +1 pair of boots of flying (worn)
 W - +0 steam dragon scales (worn)
Jewellery
 G - the amulet of the Unkillable (around neck) {Spirit *Contam rF+ rN+ Str+2}
   (You found it on level 10 of the Dungeon)

   [amulet of guardian spirit]

   It causes incoming damage to be split between your health and magic.
   It affects your strength (+2).
   It protects you from fire.
   It protects you from negative energy.
   It causes magical contamination when unequipped.
 K - a ring of magical power (left hand)
 M - an uncursed ring of flight
 R - the ring of Scepticism (right hand) {rPois rN++ Int+3 Slay-4 SInv}
   (You found it on level 2 of the Lair of Beasts)

   [ring of intelligence]

   It affects your intelligence (+3).
   It affects your accuracy and damage with ranged weapons and melee attacks
   (-4).
   It protects you from poison.
   It greatly protects you from negative energy.
   It lets you see invisible.
 X - an uncursed ring of protection from fire
Wands
 a - a wand of clouds (9)
 c - a wand of random effects (59)
 x - a wand of enslavement (41)
 y - a wand of iceblast (6)
 J - a wand of flame (75)
 L - a wand of paralysis (18)
 O - a wand of polymorph (5)
Scrolls
 b - a scroll of fog
 d - 4 scrolls of amnesia
 h - 16 scrolls of teleportation
 m - 4 scrolls of enchant weapon
 r - 7 scrolls of immolation
 t - 6 scrolls of remove curse
 C - 5 scrolls of magic mapping
 I - 10 scrolls of identify
 P - 2 scrolls of enchant armour
 S - 2 scrolls of silence
 U - 2 scrolls of summoning
 Y - a scroll of blinking
Potions
 g - 3 potions of might
 l - a potion of magic
 n - 2 potions of berserk rage
 q - 7 potions of curing
 v - 3 potions of mutation
 w - 3 potions of flight
 z - 7 potions of agility
 B - 8 potions of heal wounds
 E - a potion of haste
 F - a potion of invisibility
 H - 3 potions of cancellation
 Z - a potion of resistance
Miscellaneous
 A - a crystal ball of energy
 D - a lamp of fire (inert)
 T - a box of beasts
Comestibles
 f - 50 rations


   Skills:
 + Level 12.4 Fighting
 - Level 8.0 Short Blades
 + Level 10.2 Armour
 + Level 11.6 Dodging
 + Level 7.6 Stealth
 + Level 6.2 Shields
 * Level 16.7 Evocations


You had 15 spell levels left.
You didn't know any spells.
Your spell library contained the following spells:

 Spells                   Type           Power        Failure   Level  Hunger
 Beastly Appendage        Tmut           #.....       61%         1    ##.....
 Confusing Touch          Hex            #.....       61%         1    ##.....
 Corona                   Hex            #......      61%         1    ##.....
 Foxfire                  Conj/Fire      #...         61%         1    ##.....
 Infusion                 Chrm           #...         61%         1    ##.....
 Magic Dart               Conj           #...         61%         1    ##.....
 Sandblast                Erth           #.....       61%         1    ##.....
 Summon Butterflies       Summ           #.......     61%         1    ##.....
 Blink                    Tloc           N/A          75%         2    ###....
 Call Imp                 Summ           #.......     75%         2    ###....
 Corpse Rot               Necr/Air       N/A          75%         2    ###....
 Ensorcelled Hibernation  Hex/Ice        #.....       75%         2    ###....
 Passwall                 Tmut/Erth      #.......     75%         2    ###....
 Poisonous Vapours        Pois/Air       #.....       75%         2    ###....
 Shroud of Golubria       Chrm/Tloc      #.....       75%         2    ###....
 Slow                     Hex            #.......     75%         2    ###....
 Song of Slaying          Chrm           #.......     75%         2    ###....
 Sticks to Snakes         Tmut           #.......     75%         2    ###....
 Sublimation of Blood     Necr           #.........   75%         2    ###....
 Call Canine Familiar     Summ           #.......     93%         3    ####...
 Confuse                  Hex            #.......     93%         3    ####...
 Conjure Flame            Conj/Fire      #.......     93%         3    ####...
 Dazzling Flash           Conj/Hex       #.....       93%         3    ####...
 Gell's Gravitas          Tloc           #.........   93%         3    ####...
 Inner Flame              Hex/Fire       #.......     93%         3    ####...
 Mephitic Cloud           Conj/Pois/Air  #.......     93%         3    ####...
 Regeneration             Chrm/Necr      #.........   93%         3    ####...
 Spectral Weapon          Hex/Chrm       #.......     93%         3    ####...
 Spider Form              Tmut/Pois      #.........   93%         3    ####...
 Stone Arrow              Conj/Erth      #.....       93%         3    ####...
 Tukima's Dance           Hex            #.......     93%         3    ####...
 Cause Fear               Hex            #.........   100%        4    #####..
 Ice Form                 Ice/Tmut       #.......     100%        4    #####..
 Leda's Liquefaction      Hex/Erth       #.........   100%        4    #####..
 Olgreb's Toxic Radiance  Pois           #.......     100%        4    #####..
 Petrify                  Tmut/Erth      #.......     100%        4    #####..
 Sticky Flame             Conj/Fire      #.......     100%        4    #####..
 Summon Ice Beast         Ice/Summ       #.......     100%        4    #####..
 Agony                    Necr           #.......     100%        5    ######.
 Blade Hands              Tmut           #.........   100%        5    ######.
 Bolt of Magma            Conj/Fire/Erth #.........   100%        5    ######.
 Dispel Undead            Necr           #.......     100%        5    ######.
 Excruciating Wounds      Chrm/Necr      #.........   100%        5    ######.
 Fireball                 Conj/Fire      #.........   100%        5    ######.
 Lee's Rapid Deconstruct  Erth           #.........   100%        5    ######.
 Metabolic Englaciation   Hex/Ice        #.........   100%        5    ######.
 Summon Mana Viper        Hex/Summ       #.......     100%        5    ######.
 Yara's Violent Unravell  Hex/Tmut       #.........   100%        5    ######.
 Eringya's Noxious Bog    Tmut/Pois      #.........   100%        6    #######
 Freezing Cloud           Conj/Ice/Air   #.........   100%        6    #######
 Iron Shot                Conj/Erth      #.........   100%        6    #######
 Statue Form              Tmut/Erth      #........    100%        6    #######
 Dragon Form              Tmut           #.........   100%        7    #######
 Ring of Flames           Chrm/Fire      #.........   100%        7    #######
 Summon Hydra             Summ           #.........   100%        7    #######
 Dragon's Call            Summ           #.........   100%        9    #######
 Shatter                  Erth           #.........   100%        9    #######


Dungeon Overview and Level Annotations

Branches:
Dungeon (15/15)            Temple (1/1) D:7            Lair (6/6) D:8
 Shoals (0/4) Lair:2        Snake (1/4) Lair:3        Slime (0/5) Lair:6
    Orc (2/2) D:9             Elf (0/3) Orc:2        Vaults (0/5) D:14
 Depths (0/5) D:15          Sewer (visited)

Altars:
Ashenzari
Cheibriados
Elyvilon
Fedhas
Hepliaklqana
Kikubaaqudgha
Makhleb
Nemelex Xobeh
Okawaru
Sif Muna
Trog
Uskayaw
Vehumet
Xom
Yredelemnul
The Shining One
Beogh

Shops:
D:5 (   D:7 :(%[!   Orc:2 (***(=[([   Snake:1 (}

Annotations:
Snake:1 Nikola


Innate Abilities, Weirdness & Mutations

You have hoof-like feet.
You are completely covered in molten scales. (AC +4, rF+)
You are significantly more attuned to the shadows.
When hurt, damage is shared between your health and your magic reserves.
You regenerate magic rapidly.
Your life essence is reduced to manifest your ancestor. (-10% HP)


Message History

You hear a mighty clap of thunder!
The lightning arc suddenly appears!
The lightning arc hits Nikola!
Nikola shouts!
The lightning arc hits you!
* * * LOW HITPOINT WARNING * * *
As you read the scroll of teleportation, it crumbles to dust.
You feel strangely unstable.
Your surroundings suddenly seem different.
You start resting.
You are feeling very hungry.
As you read the scroll of teleportation, it crumbles to dust.
You feel strangely unstable.
Nikola mumbles some strange words.
You hear a mighty clap of thunder!
The lightning arc hits you!!
* * * LOW HITPOINT WARNING * * *
The lightning arc hits Nikola.
The lightning arc hits you!!
* * * LOW HITPOINT WARNING * * *
The lightning arc hits Nikola.
The lightning arc hits you!!
You die...

# ###.###............##..... ####
##.....#####........##...## ...#
##.......##..............##
...###.........##.......#...###
...##...........##...##.....#
..##.............##..##...####
..##.............##..##...##.#
.......∩..8..∩.....@......##.###
.###............@#..#...#..#...##
.# #.............##.#...##.....##
.# ##...........##...##.##.....#.
######.........###...##.#.....##.
###..##.......## #........###.#R.
......##.....## ##.#.....###(...
##....####.### #........###...
#....####.########..###...# #..#
####.......#...##....##...# ...#


You could see Nikola.

Vanquished Creatures
  Rupert (D:15)
  Gastronok (Lair:3)
  Agnes (D:14)
  Kirke (D:14)
  Roxanne (Snake:1)
  A dire elephant (D:15)
  Snorg (Orc:2)
  Harold (Orc:2)
  A fire dragon (Lair:6)
  7 hydras
  A catoblepas (D:15)
  3 centaur warriors
  2 ogre magi
  An orc high priest (Orc:2)
  7 two-headed ogres
  A tengu warrior (D:13)
  Urug (Lair:1)
  Nergalle (Lair:2)
  2 unseen horrors
  A naga ritualist (Snake:1)
  A lindwurm (Lair:6)
  2 wolf spiders
  4 orc knights
  8 trolls
  4 cyclopes
  22 ugly things
  A mana viper (Snake:1)
  An orc sorcerer (Orc:2)
  2 oklob plants (Lair:3)
  4 manticores
  A salamander (D:15)
  A guardian serpent (Lair:6)
  5 elephants
  Maurice (D:13)
  2 centaur zombies
  2 centaur skeletons
  3 torpor snails (Lair:6)
  A gargoyle (D:11)
  13 black mambas
  A naga mage (Snake:1)
  17 spiny frogs
  4 kobold demonologists (D:15)
  An efreet (D:14)
  4 komodo dragons
  A freezing wraith (D:15)
  5 meliai
  2 polar bears
  3 tyrant leeches (Lair:6)
  9 hornets
  5 hippogriffs
  A meliai zombie (D:15)
  11 blink frogs
  4 slime creatures
  3 wraiths (Lair:4)
  38 yaks
  A shadow (D:13)
  12 wyverns
  4 basilisks
  2 steam dragons
  A hungry ghost (D:14)
  4 hogs (D:14)
  4 wargs
  4 nagas
  13 water moccasins
  9 porcupines
  5 sky beasts
  25 orc warriors
  5 ice beasts
  An eye of draining (D:15)
  2 black bears
  A black bear (shapeshifter) (D:15)
  8 ogres
  A phantom (D:6)
  11 wolves
  13 centaurs
  15 crocodiles
  4 big kobolds
  14 bullfrogs
  A wyvern zombie (D:7)
  A wyvern skeleton (D:8)
  7 scorpions
  35 killer bees
  15 wights
  2 howler monkeys
  3 vampire bats (D:4)
  2 electric eels
  3 bullfrog zombies
  2 crimson imps
  14 jellies
  2 bullfrog skeletons
  11 hounds
  14 orc priests
  17 orc wizards
  Ijyb (D:4)
  2 iguanas
  6 worker ants
  4 hell rats (Lair:6)
  A worker ant zombie (D:11)
  6 gnolls
  14 adders
  2 shadow imps
  An ooze (Lair:6)
  An adder skeleton (D:7)
  A worm (D:2)
  A dart slug (D:1)
  8 leopard geckos
  61 orcs
  7 ball pythons
  10 bats
  2 bat skeletons (D:4)
  2 bat zombies (D:4)
  5 giant cockroaches
  8 goblins
  7 hobgoblins
  11 jackals
  2 frilled lizards (D:1)
  A giant cockroach zombie (D:3)
  2 goblin skeletons (D:4)
  A hobgoblin zombie (D:4)
  A jackal skeleton (D:5)
  A jackal zombie (D:5)
  30 kobolds
  2 kobold zombies (D:4)
  An orc skeleton (D:4)
  A quokka skeleton (D:6)
  A quokka zombie (D:6)
  10 rats
  A plant (D:8)
726 creatures vanquished.

Vanquished Creatures (collateral kills)
  An orc warlord (Orc:1)
  Josephine (Lair:4)
  An ice dragon (Lair:4)
  A death knight (D:13)
  4 two-headed ogres
  3 orc knights
  A lindwurm (Lair:6)
  A manticore (D:15)
  An orc sorcerer (Orc:2)
  2 cyclopes
  A slime creature (D:14)
  A black mamba (Lair:6)
  4 elephants
  2 torpor snails (Lair:6)
  A spiny frog (Lair:6)
  3 komodo dragons
  A meliai (D:13)
  A queen bee (Lair:2)
  3 hornets (Lair:6)
  5 trolls
  A tyrant leech (Lair:6)
  3 blink frogs
  3 hippogriffs
  Prince Ribbit (Lair:2)
  3 wyverns
  2 redbacks (Lair:6)
  7 yaks
  Grum (D:8)
  2 wargs (Orc:1)
  2 water moccasins
  An acid dragon (D:12)
  8 porcupines
  15 orc warriors
  2 sky beasts
  An eye of draining (D:13)
  2 phantoms
  4 ogres
  3 centaurs
  3 wolves
  2 crocodiles
  2 big kobolds
  2 bullfrogs
  2 wyvern zombies
  8 orc wizards
  10 killer bees
  6 wights
  A howler monkey (D:7)
  2 crimson imps
  A quasit (D:9)
  4 jellies
  3 hounds
  8 orc priests
  Terence (D:3)
  2 iguanas
  A hell rat (Lair:6)
  A worker ant (D:5)
  2 adders
  2 gnolls
  A howler monkey skeleton (D:6)
  An adder zombie (D:5)
  2 leopard geckos (D:4)
  24 orcs
  A bat (D:3)
  2 bat zombies (D:4)
  2 giant cockroaches
  2 goblins
  2 jackals
  A giant cockroach zombie (D:6)
  2 kobolds
  2 kobold skeletons (D:4)
  2 kobold zombies (D:4)
  A quokka skeleton (D:8)
  A spectral orc (D:5)
  2 plants (Lair:3)
210 creatures vanquished.

Vanquished Creatures (others)
  Fannar (Lair:3)
  An orc sorcerer (Orc:1)
  A human (D:14)
  An ice beast (D:14)
  2 orc warriors (Orc:2)
  A centaur (D:14)
  2 wights (D:7)
  An orc priest (D:3)
  3 orc wizards (D:3)
  15 knights
  A gnoll (D:2)
  An adder (D:3)
  A worm (D:2)
  A rat (D:1)
  20 fungi
  84 plants
136 creatures vanquished.

Grand Total: 1072 creatures vanquished

Notes
Turn   | Place    | Note
-------+----------+-------------------------------------------
     0 | D:1      | Lanoc the Demonspawn Artificer began the quest for the Orb.
     0 | D:1      | Reached XP level 1. HP: 15/15 MP: 3/3
   361 | D:1      | Gained mutation: You have large cloven feet. [demonic
                  | ancestry]
   361 | D:1      | Reached XP level 2. HP: 21/21 MP: 4/4
   893 | D:1      | Gained mutation: You are partially covered in molten
                  | scales. (AC +2) [demonic ancestry]
   893 | D:1      | Reached XP level 3. HP: 26/26 MP: 5/5
  1095 | D:2      | Reached skill level 4 in Evocations
  1284 | D:2      | Reached XP level 4. HP: 21/33 MP: 7/7
  1916 | D:3      | Gained mutation: When hurt, damage is shared between your
                  | health and your magic reserves. [demonic ancestry]
  1916 | D:3      | Reached XP level 5. HP: 23/39 MP: 8/8
  2080 | D:3      | Noticed Terence
  2107 | D:3      | Reached skill level 5 in Evocations
  2411 | D:3      | Found an iron altar of Okawaru.
  2411 | D:3      | Found a hazy altar of Hepliaklqana.
  2416 | D:3      | Found a snail-covered altar of Cheibriados.
  2418 | D:3      | Found a faded altar of an unknown god.
  2419 | D:3      | Found a faded altar of an unknown god.
  2436 | D:3      | Gained mutation: You have hoof-like feet. [demonic
                  | ancestry]
  2436 | D:3      | Reached XP level 6. HP: 32/47 MP: 6/9
  2463 | D:3      | Became a worshipper of Hepliaklqana the Forgotten
  2463 | D:3      | Reached * piety under Hepliaklqana
  2680 | D:3      | Killed Terence
  3305 | D:4      | Noticed Ijyb
  3314 | D:4      | Killed Ijyb
  3395 | D:4      | Found a blossoming altar of Fedhas.
  3401 | D:4      | Found a shattered altar of Ashenzari.
  3504 | D:4      | Reached ** piety under Hepliaklqana
  3512 | D:4      | Remembered your ancestor Publia as a knight
  3578 | D:4      | Found a glowing golden altar of the Shining One.
  3821 | D:4      | Gained mutation: You are mostly covered in molten scales.
                  | (AC +3) [demonic ancestry]
  3821 | D:4      | Reached XP level 7. HP: 48/48 MP: 11/11
  3889 | D:4      | Found an ancient bone altar of Kikubaaqudgha.
  3944 | D:5      | Entered Level 5 of the Dungeon
  3950 | D:5      | Reached skill level 6 in Evocations
  4252 | D:5      | Found a hide-covered altar of Uskayaw.
  4463 | D:5      | Reached XP level 8. HP: 54/54 MP: 13/13
  4631 | D:5      | Reached skill level 7 in Evocations
  4633 | D:5      | Found Unehuula's Antique Weapon Boutique.
  4645 | D:5      | Found an iron altar of Okawaru.
  4662 | D:5      | Reached skill level 5 in Fighting
  4709 | D:5      | Reached skill level 5 in Dodging
  4774 | D:5      | Found a basalt altar of Yredelemnul.
  5109 | D:6      | Found a glowing drain.
  5129 | Sewer    | Entered a sewer
  5166 | Sewer    | Reached *** piety under Hepliaklqana
  5599 | D:6      | Reached skill level 8 in Evocations
  5614 | D:6      | Got an opalescent robe
  5625 | D:6      | Identified the +1 robe "Jiptiox" {rF- Regen+ Int+3} (You
                  | found it on level 6 of the Dungeon)
  5816 | D:7      | Found Oxut's Distillery.
  5835 | D:7      | Bought a potion of heal wounds for 55 gold pieces
  5835 | D:7      | Bought a potion of invisibility for 88 gold pieces
  5887 | D:7      | Reached XP level 9. HP: 42/62 MP: 9/15
  6055 | D:7      | Found Lirchi Sotoss's Food Shoppe.
  6062 | D:7      | Found Anavvech's Antique Weapon Shop.
  6077 | D:7      | Found Ijedalann's Book Emporium.
  6380 | D:7      | Found a shimmering blue altar of Sif Muna.
  6388 | D:7      | Found a staircase to the Ecumenical Temple.
  6399 | D:7      | Found Syusch's Antique Armour Boutique.
  6403 | Temple   | Entered the Ecumenical Temple
  6406 | D:7      | Reached **** piety under Hepliaklqana
  6523 | D:8      | Reached skill level 1 in Armour
  6523 | D:8      | Reached skill level 9 in Evocations
  6523 | D:8      | Noticed Grum
  6740 | D:8      | Killed Grum
  7002 | D:8      | Noticed a troll
  7008 | D:8      | Killed a troll
  7059 | D:8      | Found a radiant altar of Vehumet.
  7167 | D:8      | Noticed a troll
  7175 | D:8      | Killed a troll
  7175 | D:8      | Reached skill level 10 in Evocations
  7194 | D:8      | Gained mutation: You are slightly more attuned to the
                  | shadows. [demonic ancestry]
  7194 | D:8      | Reached XP level 10. HP: 42/71 MP: 10/17
  7491 | D:8      | Found a staircase to the Lair.
  7945 | D:9      | Found a staircase to the Orcish Mines.
  8270 | D:9      | Reached skill level 11 in Evocations
  8718 | D:9      | Found a shimmering altar of Xom.
  8718 | D:9      | Reached ***** piety under Hepliaklqana
  8718 | D:9      | Found a burning altar of Makhleb.
  8718 | D:9      | Found a white marble altar of Elyvilon.
  8895 | D:10     | Entered Level 10 of the Dungeon
  8988 | D:10     | Got a faintly glowing silver amulet
  8990 | D:10     | Identified the amulet of the Unkillable {Spirit *Contam rF+
                  | rN+ Str+2} (You found it on level 10 of the Dungeon)
  9136 | D:10     | Reached XP level 11. HP: 77/77 MP: 19/19
  9150 | D:10     | Noticed a two-headed ogre
  9171 | D:10     | Killed a two-headed ogre
  9358 | D:10     | Killed an unseen horror
  9358 | D:10     | Reached skill level 5 in Armour
  9869 | D:11     | Noticed a seven-headed hydra
  9938 | Orc:1    | Entered Level 1 of the Orcish Mines
 10107 | Orc:2    | Entered Level 2 of the Orcish Mines
 10117 | Orc:2    | Noticed an orc knight
 10125 | Orc:2    | Noticed an orc high priest
 10233 | Orc:1    | Killed an orc knight
 10233 | Orc:1    | Reached skill level 12 in Evocations
 10392 | Orc:2    | Noticed an orc sorcerer
 10394 | Orc:2    | Noticed an orc sorcerer
 10422 | Orc:2    | Killed an orc sorcerer
 10423 | Orc:2    | Noticed an orc warlord
 10450 | Orc:2    | Noticed a sun demon
 10655 | Orc:1    | Killed an orc warlord
 10774 | Orc:2    | Noticed a sun demon
 10774 | Orc:2    | Noticed a soul eater
 10788 | Orc:2    | Noticed a two-headed ogre
 10798 | Orc:2    | Killed a two-headed ogre
 10924 | Orc:2    | Found Hoahuwef's Antique Armour Shoppe.
 10984 | Orc:2    | Noticed an orc knight
 11041 | Orc:2    | Killed an orc knight
 11256 | Orc:2    | Noticed an orc knight
 11298 | Orc:2    | Killed an orc knight
 11362 | Orc:2    | Found a staircase to the Elven Halls.
 11367 | Orc:2    | Found Nixocvyi's Assorted Antiques.
 11372 | Orc:2    | Found Wamugixt's Assorted Antiques.
 11372 | Orc:2    | Noticed Snorg
 11390 | Orc:2    | Killed Snorg
 11390 | Orc:2    | Reached XP level 12. HP: 57/86 MP: 13/21
 11432 | Orc:2    | Reached skill level 13 in Evocations
 11463 | Orc:2    | Found Qoloffaf's Antique Weapon Emporium.
 11507 | Orc:1    | Noticed Harold
 11527 | Orc:2    | Killed Harold
 11675 | Orc:1    | Found a roughly hewn altar of Beogh.
 11745 | Orc:2    | Killed an orc high priest
 12619 | Orc:2    | Reached skill level 10 in Fighting
 13360 | Orc:2    | Found a roughly hewn altar of Beogh.
 13465 | Orc:2    | Found Balese's General Store.
 13516 | Orc:2    | Found Kaeq's Weapon Shop.
 13557 | Orc:2    | Found Marghesmo's Jewellery Shop.
 13579 | Orc:2    | Found a roughly hewn altar of Beogh.
 13658 | Orc:2    | Found Feixkeame's Antique Armour Shop.
 13673 | Orc:2    | Found Zilor's Antique Weapon Shop.
 13878 | D:5      | Bought the +12 Vampire's Tooth {vamp} for 1200 gold pieces
 13878 | D:5      | Found the +12 Vampire's Tooth {vamp}
 13969 | Lair:1   | Entered Level 1 of the Lair of Beasts
 13997 | Lair:1   | Reached skill level 1 in Short Blades
 14018 | Lair:1   | Reached skill level 1 in Stealth
 14026 | Lair:1   | Found a glowing golden altar of the Shining One.
 14994 | D:11     | Killed a seven-headed hydra
 15082 | D:11     | Noticed a two-headed ogre
 15089 | D:11     | Killed a two-headed ogre
 15089 | D:11     | Reached skill level 14 in Evocations
 15126 | D:11     | Gained mutation: You are significantly more attuned to the
                  | shadows. [demonic ancestry]
 15126 | D:11     | Reached XP level 13. HP: 93/93 MP: 21/23
 15183 | D:11     | Found a blossoming altar of Fedhas.
 16150 | D:12     | Reached ****** piety under Hepliaklqana
 16354 | D:13     | Noticed Maurice
 16367 | D:13     | Killed Maurice
 16730 | D:13     | Reached skill level 10 in Dodging
 16777 | D:13     | Reached skill level 1 in Shields
 17005 | D:13     | Reached skill level 5 in Short Blades
 17381 | D:14     | Noticed Kirke
 17413 | D:14     | Killed Kirke
 17578 | D:14     | Found a gate to the Vaults.
 17583 | D:14     | Reached XP level 14. HP: 101/101 MP: 25/25
 17851 | D:14     | Reached skill level 15 in Evocations
 17958 | D:14     | Noticed Agnes
 17972 | D:14     | Killed Agnes
 18268 | D:15     | Entered Level 15 of the Dungeon
 18339 | D:15     | Reached skill level 5 in Stealth
 19036 | D:15     | Found a staircase to the Depths.
 19163 | D:15     | Gained mutation: You regenerate magic rapidly. [demonic
                  | ancestry]
 19163 | D:15     | Reached XP level 15. HP: 107/107 MP: 26/26
 19233 | D:15     | Noticed Rupert
 19245 | D:15     | Killed Rupert
 19648 | Lair:1   | Noticed Urug
 19664 | Lair:1   | Killed Urug
 20486 | Lair:2   | Found a staircase to the Shoals.
 20897 | Lair:2   | Got a slimy bronze ring
 20899 | Lair:2   | Identified the ring of Scepticism {rPois rN++ Int+3 Slay-4
                  | SInv} (You found it on level 2 of the Lair of Beasts)
 21051 | Lair:2   | Noticed Prince Ribbit
 21057 | Lair:2   | Killed Prince Ribbit
 21119 | Lair:2   | Got a fine ring mail
 21130 | Lair:2   | Identified the +1 ring mail of the Morning {rN+ MP+9 Int+4}
                  | (You found it on level 2 of the Lair of Beasts)
 21613 | Lair:2   | Noticed Nergalle
 21637 | Lair:2   | Killed Nergalle
 21928 | Lair:3   | Noticed Fannar
 21930 | Lair:3   | You fall into a shaft and drop 2 floors!
 22093 | Lair:5   | Reached skill level 16 in Evocations
 22359 | Lair:5   | Identified a scroll of acquirement
 22460 | Lair:5   | You are sucked into a shaft and drop 1 floor!
 22460 | Lair:6   | Entered Level 6 of the Lair of Beasts
 22465 | Lair:6   | Reached skill level 5 in Shields
 22601 | Lair:6   | Found a staircase to the Slime Pits.
 23877 | Lair:6   | Found a runed translucent door.
 24032 | Lair:6   | Identified the +5 quarterstaff of Mourning {drain, +Inv
                  | rPois} (You found it on level 6 of the Lair of Beasts)
 24091 | Lair:6   | Reached skill level 10 in Armour
 24104 | Lair:6   | Gained mutation: You are completely covered in molten
                  | scales. (AC +4, rF+) [demonic ancestry]
 24104 | Lair:6   | Reached XP level 16. HP: 114/114 MP: 28/28
 25476 | Lair:4   | Noticed Josephine
 25503 | Lair:4   | Killed Josephine
 25734 | Lair:3   | Identified the Incunabulum of Venomous Sinister Secrets
 25810 | Lair:3   | Killed Fannar
 25906 | Lair:3   | Noticed Gastronok
 25928 | Lair:3   | Killed Gastronok
 26033 | Lair:3   | Found a staircase to the Snake Pit.
 26772 | Snake:1  | Entered Level 1 of the Snake Pit
 26946 | Snake:1  | Found Poex's Gadget Emporium.
 26958 | Snake:1  | Found Idommopp's Antique Weapon Shoppe.
 27060 | Snake:1  | Noticed Roxanne
 27457 | Snake:1  | Killed Roxanne
 27528 | Snake:1  | Noticed Nikola
 27584 | Snake:1  | Killed from afar by Nikola

Levels and vault maps discovered:
D:1:      tarquinn_simple_flora_water_b, layout_loops_ring
D:2:      layout_basic
D:3:      cheibrodos_pilgrimage, layout_loops_ring,
          chequers_temple_overflow_minitemple, first_ration,
          kennysheep_generic_room_15, uniq_terence
D:4:      layout_basic, nicolae_tso_besieged_by_evil, kennysheep_mini,
          kennysheep_vampire_church, ashenzari_altar_1, uniq_ijyb
D:5:      kb_forest_paths, layout_basic, yredelemnul_forgotten_temple_becter,
          basic_altar, serial_shops, shop, okawaru_trees_1
D:6:      layout_loops_cross, cheibrodos_sewer_entry_sluice
D:7:      layout_layer_cave, led_sif_pool, minmay_temple_entry_proselytizer,
          serial_shops, shop, shop, nicolae_shop_crystal, shop,
          nicolae_shop_window_shopping
D:8:      wad_woods_tower, layout_loops_ring, lemuel_doored_altar,
          david_lair_generic, uniq_grum
D:9:      layout_basic, chequers_temple_overflow_statue_of_worship, erik_orc_4
D:10:     layout_loops_cross
D:11:     layout_irregular_city, fedhas_altar_2
D:12:     layout_rooms
D:13:     layout_long_grid, blue_anna_alchemist [blue_anna_fruit_fields,
          blue_anna_fruit_fields], lemuel_statue_altar, uniq_maurice
D:14:     layout_loops_ring, david_vaults_2, minivault_11, uniq_agnes,
          uniq_kirke
D:15:     hangedman_depths_entry_try_elsewhere_first, layout_loops_ring,
          corexii_hall_statues_l, uniq_rupert
Temple:   chequers_temple_sunken
Lair:1:   layout_hall_layers, basic_altar, nzn_random_ring, uniq_urug
Lair:2:   regret_index_wax_grids, layout_cave_pods, shoals_dummy_entry,
          uniq_prince_ribbit2, uniq_nergalle
Lair:3:   layout_regular_city, guppyfry_snake_entry_garden,
          serial_bayou_shore_a, minmay_lair_oklob_chamber, uniq_gastronok,
          uniq_fannar
Lair:4:   dragon1_lemuel, layout_cave_pods, uniq_josephine
Lair:5:   layout_cave_shapes, lemuel_fruit_tree
Lair:6:   wormcave, layout_regular_city, hangedman_lair_tendril_chambers,
          minmay_slime_entry_jelly_boxes
Snake:1:  layout_misc_corridors, minmay_shoptagon, uniq_roxanne, uniq_nikola
Orc:1:    layout_caves, special_room [special_room_orc], uniq_harold
Orc:2:    grunt_orc_cross, layout_caves, basic_altar, serial_shops, shop,
          nicolae_shop_window_shopping, nicolae_shop_statue_plus,
          nicolae_shop_behind_doors, shop, uniq_snorg

Skill      XL: |  1  2  3  4  5  6  7  8  9 10 11 12 13 14 15 16 |
---------------+-------------------------------------------------+-----
Dodging        | 2 3 4 5 6 7 8 9 10 11 | 11.6
Evocations     | 4 5 6 8 10 11 12 14 15 16 | 16.7
Fighting       | 2 3 4 6 7 8 9 10 11 12 | 12.4
Armour         | 3 4 6 7 8 9 10 | 10.2
Short Blades   | 2 5 7 8 |  8.0
Stealth        | 2 4 5 7 |  7.6
Shields        | 2 4 5 6 |  6.2

Action                   |  1- 3 |  4- 6 |  7- 9 | 10-12 | 13-15 | 16-18 || total
-------------------------+-------+-------+-------+-------+-------+-------++-------
Melee: Short sword       |   109 |   205 |       |       |       |       ||   314
       Kick              |    17 |    69 |   110 |   273 |   724 |       ||  1193
       Hand axe          |       |    59 |   333 |   605 |       |       ||   997
       Quick blade       |       |       |       |   120 |  2447 |   416 ||  2983
Invok: Ancestor Life: Kn |       |     1 |       |       |       |       ||     1
       Recall Ancestor   |       |       |       |     2 |     2 |       ||     4
Evoke: Wand              |    12 |    33 |     2 |    30 |     4 |     4 ||    85
       Lamp of fire      |       |       |       |     1 |       |     1 ||     2
  Use: Scroll            |       |       |    19 |     8 |     6 |     3 ||    36
       Potion            |       |       |     3 |     4 |       |       ||     7
 Stab: Sleeping          |     2 |     1 |     1 |     5 |    17 |    15 ||    41
       Paralysed         |       |     3 |       |    18 |       |       ||    21
       Distracted        |       |     1 |     2 |     4 |     8 |     4 ||    19
  Eat: Chunk             |     1 |     8 |    12 |    21 |    30 |     3 ||    75
       Ration            |       |       |       |     2 |       |     2 ||     4
Armor: Leather armour    |    57 |   120 |   222 |       |       |       ||   399
       Troll leather arm |       |       |     7 |   230 |       |       ||   237
       Chain mail        |       |       |       |   157 |   430 |       ||   587
       Steam dragon scal |       |       |       |       |    78 |    29 ||   107
       Ring mail         |       |       |       |       |    23 |       ||    23
Dodge: Dodged            |    60 |   232 |   341 |   772 |   611 |    87 ||  2103
Block: Shield            |       |       |       |       |   673 |    77 ||   750

Table legend:
 A = Non-vault XP
 B = Vault XP
 C = Vault XP percentage of total XP
 D = Non-vault monster count
 E = Vault monster count
 F = Vault count percentage of total count
                 A         B        C        D         E       F
            +---------+---------+-------+---------+---------+-------
      Total |  101435 |   71354 |  41.3 |     639 |     302 |  32.1
            +---------+---------+-------+---------+---------+-------
        D:1 |      45 |       0 |   0.0 |      26 |       0 |   0.0
        D:2 |     122 |       0 |   0.0 |      28 |       0 |   0.0
        D:3 |     233 |     121 |  34.2 |      40 |       7 |  14.9
        D:4 |     134 |     270 |  66.8 |      13 |      21 |  61.8
        D:5 |     729 |     125 |  14.6 |      19 |       5 |  20.8
        D:6 |     491 |       4 |   0.8 |      15 |       3 |  16.7
        D:7 |     877 |      43 |   4.7 |      18 |       1 |   5.3
        D:8 |    1580 |    2487 |  61.2 |      33 |      16 |  32.7
        D:9 |    2005 |     314 |  13.5 |      39 |      15 |  27.8
       D:10 |    4117 |       0 |   0.0 |      33 |       0 |   0.0
       D:11 |    5746 |       0 |   0.0 |      50 |       0 |   0.0
       D:12 |    4073 |       0 |   0.0 |      21 |       0 |   0.0
       D:13 |   10305 |     557 |   5.1 |      44 |       2 |   4.3
       D:14 |   14442 |    7579 |  34.4 |      46 |       9 |  16.4
       D:15 |   22687 |    5883 |  20.6 |      59 |       5 |   7.8
     Lair:1 |    4140 |    4453 |  51.8 |      20 |      14 |  41.2
     Lair:2 |    5885 |    8833 |  60.0 |      21 |      53 |  71.6
     Lair:3 |    1790 |    4493 |  71.5 |      11 |       6 |  35.3
     Lair:4 |     488 |    2668 |  84.5 |       4 |       5 |  55.6
     Lair:5 |    2846 |       0 |   0.0 |      15 |       0 |   0.0
     Lair:6 |   10966 |   17492 |  61.5 |      37 |      66 |  64.1
    Snake:1 |    4010 |    1911 |  32.3 |      10 |       1 |   9.1
      Orc:1 |     803 |    3578 |  81.7 |      13 |      21 |  61.8
      Orc:2 |    2921 |   10427 |  78.1 |      24 |      46 |  65.7
      Sewer |       0 |     116 | 100.0 |       0 |       6 | 100.0
            +---------+---------+-------+---------+---------+-------
